 Dungeon Crawl Stone Soup version 0.27.0-1-g7a089689b8 (webtiles) character file.

Game seed: 10164291504937942659

510 oldmanjim the Skirmisher (level 7, -5/44 HPs)
             Began as a Gargoyle Necromancer on Aug 4, 2021.
             Slain by an ogre (23 damage)
             ... on level 5 of the Dungeon.
             The game lasted 00:34:45 (5310 turns).

oldmanjim the Skirmisher (Gargoyle Necromancer)     Turns: 5310, Time: 00:34:45

Health: -5/44      AC: 13    Str: 13    XL:     7   Next: 19%
Magic:  11/11      EV: 11    Int: 16    God:
Gold:   250        SH:  0    Dex: 10    Spells: 9/11 levels left

rFire    . . .     SeeInvis .   a - +2 long sword (vorpal)
rCold    + + .     Faith    .   (no shield)
rNeg     + . .     Spirit   .   r - +1 leather armour {rC+}
rPois    ∞         Reflect  .   (no helmet)
rElec    +         Harm     .   (no cloak)
rCorr    .         Rampage  .   (no gloves)
Will     .....                  (no boots)
Stlth    ++........             (no amulet)
HPRegen  0.14/turn              p - ring of protection from cold
MPRegen  0.12/turn              u - +4 ring of protection

@: no status effects
A: sickness immunity, AC +4, negative energy resistance 1, electricity
resistance, torment resistance 1, petrification resistance
a: no special abilities


You were on level 5 of the Dungeon.
You visited 1 branch of the dungeon, and saw 5 of its levels.

You collected 250 gold pieces.

Inventory:

Hand Weapons
 a - a +2 vorpal long sword (weapon)
 f - a +0 dagger of venom
 q - a +1 vampiric falchion
 C - a +1 mace of draining
Missiles
 d - 2 boomerangs
 e - 200 stones
 l - 35 sling bullets
 w - 30 bolts
 z - 15 arrows
Armour
 r - a +1 leather armour of cold resistance (worn)
Magical Staves
 B - a staff of earth
Jewellery
 j - a +6 ring of dexterity
 p - a ring of protection from cold (left hand)
 u - a +4 ring of protection (right hand)
Wands
 n - a wand of iceblast (7)
Scrolls
 b - a scroll of magic mapping {unknown}
 g - a scroll of acquirement {unknown}
 h - 2 scrolls of enchant armour {unknown}
 i - 2 scrolls of enchant weapon {unknown}
 x - a scroll of amnesia {unknown}
 y - a scroll of brand weapon {unknown}
Potions
 c - 2 potions of haste
 k - 2 potions of brilliance
 m - 2 potions of attraction
 o - a potion of heal wounds {unknown}
 s - 2 potions of cancellation
 t - a potion of ambrosia
 v - a potion of lignification {unknown}
 A - 2 potions of curing {unknown}


   Skills:
 - Level 5.0 Fighting
 - Level 1.9 Long Blades
 + Level 2.5 Armour
 - Level 2.0 Dodging
 - Level 3.0 Stealth
 - Level 0.3 Unarmed Combat
 + Level 2.8 Spellcasting
 - Level 4.0 Necromancy


You had 9 spell levels left.
You knew the following spells:

 Your Spells              Type           Power      Damage    Failure   Level
a - Pain                  Necr           60%        1d7       4%          1
b - Animate Skeleton      Necr           30%        N/A       4%          1

Your spell library contained the following spells:

 Spells                   Type           Power      Damage    Failure   Level
 Vampiric Draining        Necr           7%         2d7       14%         3
 Apportation              Tloc           4%         N/A       24%         1
 Corona                   Hex            2%         N/A       24%         1
 Summon Small Mammal      Summ           8%         N/A       24%         1
 Animate Dead             Necr           7%         N/A       43%         4
 Call Canine Familiar     Summ           2%         N/A       58%         3
 Summon Guardian Golem    Hex/Summ       2%         N/A       58%         3
 Agony                    Necr           15%        N/A       78%         5


Dungeon Overview and Level Annotations

Branches:
Dungeon (5/15)
 Temple: D:4-7

Altars:
Ashenzari
Dithmenos
Qazlal
Sif Muna
Trog
Beogh

Annotations:
D:4 1 runed translucent door, exclusion: door, Crazy Yiuf


Innate Abilities, Weirdness & Mutations

You are immune to sickness and miasma.
Your stone body is resilient. (AC +4)
You are immune to poison.
You resist negative energy. (rN+)
You are resistant to electric shocks. (rElec)
You are resistant to unholy torment.
You are immune to petrification.


Message History

Aiming: Pain (safe; 4% risk of failure)
Press: ? - help, Shift-Dir - straight line, f/p - jelly
Aim: a jelly (almost dead, chance to affect: 79%)
The jelly barely resists.
You hit the jelly.
You kill the jelly!
HP restored.
Magic restored.
An ogre comes into view. It is wielding a +0 giant spiked club.
Found a broken altar of Ashenzari.
An ogre comes into view. It is wielding a +0 giant club.
The iguana hisses angrily.
You hit the ogre.
The ogre is lightly wounded.
The ogre barely misses you.
You riposte.
You hit the ogre.
The ogre is moderately wounded.
You barely miss the ogre.
The ogre is moderately wounded.
The ogre misses you.
You hit the ogre but do no damage.
The ogre is moderately wounded.
The ogre closely misses you.
You riposte.
You hit the ogre.
The ogre is heavily wounded.
You slash the ogre!
The ogre is almost dead.
The ogre hits you but does no damage.
You hit the ogre.
The ogre is almost dead.
The ogre hits you with a +0 giant club!
You hit the ogre but do no damage.
The ogre is almost dead.
The ogre barely misses you.
You barely miss the ogre.
The ogre is almost dead.
The ogre hits you with a +0 giant club!
You barely miss the ogre.
The ogre is almost dead.
The ogre hits you with a +0 giant club!!
Ouch! That really hurt!
You die...

##.... ..§.≈...≈.≈..
#..... #.≈.≈._.≈.§.#
#..... #.≈....l≈.≈.#
#..... #.≈.≈≈≈≈≈.≈.#
#..... #.≈.......≈.#
.# #.....
#.≈≈§≈≈≈≈≈≈.#
#.##.....
#.....O.....#
#..#..... #@.####
#.##.... ###.....##
##......
#........####.......
##.......##.........
#.................#
#.............##.##
#
##..........####..#
. ### #........###
##... .# ##.#
#......### #....


You could see an ogre and an iguana.

Vanquished Creatures
  A black bear (D:4)
  A centaur (D:4)
  A scorpion (D:4)
  2 hounds (D:4)
  An orc priest (D:3)
  A jelly (D:5)
  An orc wizard (D:4)
  5 adders
  3 worms
  8 orcs
  3 bats
  6 endoplasms
  3 giant cockroaches
  5 goblins
  6 hobgoblins
  8 jackals
  9 kobolds
  4 quokkas
  7 ball pythons
  3 frilled lizards
  A quokka skeleton (D:4)
  3 rats (D:1)
82 creatures vanquished.

Notes
Turn   | Place    | Note
-------+----------+-------------------------------------------
     0 | D:1      | oldmanjim the Gargoyle Necromancer began the quest for the
                  | Orb.
     0 | D:1      | Reached XP level 1. HP: 10/10 MP: 3/3
   133 | D:1      | Found a faded altar of an unknown god.
   563 | D:1      | Reached XP level 2. HP: 11/16 MP: 0/5
  1656 | D:2      | Reached XP level 3. HP: 19/20 MP: 6/6
  2011 | D:2      | Reached skill level 1 in Long Blades
  2126 | D:2      | Reached skill level 1 in Fighting
  2301 | D:2      | Reached XP level 4. HP: 25/25 MP: 7/7
  2638 | D:3      | HP: 1/25 [orc priest (4)]
  3141 | D:3      | Reached skill level 1 in Armour
  3141 | D:3      | Reached XP level 5. HP: 26/30 MP: 3/8
  3629 | D:3      | Found a shimmering blue altar of Sif Muna.
  3712 | D:3      | Found a shadowy altar of Dithmenos.
  3783 | D:3      | Found a bloodstained altar of Trog.
  3984 | D:4      | Noticed a black bear
  3993 | D:4      | Killed a black bear
  3994 | D:4      | Reached skill level 3 in Fighting
  3994 | D:4      | Reached XP level 6. HP: 31/37 MP: 5/9
  4050 | D:4      | Found a stormy altar of Qazlal.
  4061 | D:4      | Learned a level 1 spell: Animate Skeleton
  4094 | D:4      | Reached skill level 4 in Fighting
  4844 | D:4      | Reached skill level 5 in Fighting
  4844 | D:4      | Reached XP level 7. HP: 39/44 MP: 10/10
  5067 | D:4      | Found a runed translucent door.
  5068 | D:4      | Noticed Crazy Yiuf
  5154 | D:5      | Entered Level 5 of the Dungeon
  5301 | D:5      | Found a broken altar of Ashenzari.
  5310 | D:5      | Slain by an ogre

Illustrated notes

Levels and vault maps discovered:
D:1:      minmay_arrival_jagged, layout_basic,
          hellmonk_ecumenical_altar_arch_garden, amcnicky_mini_pool_small,
          minmay_cupped
D:2:      layout_basic
D:3:      layout_loops_cross, mainiacjoe_overflow_alcove_2,
          nicolae_dithmenos_through_a_glass_darkly,
          mainiacjoe_overflow_alcove_4, kennysheep_orc_chapel
D:4:      layout_rooms, grunt_qazlal_sundering, uniq_crazy_yiuf_cottage
D:5:      layout_cave_pods, lemuel_round_altar,
          mainiacjoe_overflow_concentric_impassable,
          minmay_temple_entry_from_below_a

Skill      XL: |  1  2  3  4  5  6 |
---------------+-------------------+-----
Long Blades    | 1 |  1.9
Fighting       | 1 3 5 |  5.0
Necromancy     | 4 |  4.0
Armour         | 1 2 |  2.5
Stealth        | 3 |  3.0
Dodging        | 2 |  2.0
Unarmed Combat | |  0.3
Spellcasting   | |  2.8

Action                   |  1- 3 |  4- 6 |  7- 9 || total
-------------------------+-------+-------+-------++-------
Melee: Unarmed           |     8 |       |       ||     8
       Whip              |    10 |       |       ||    10
       Long sword        |    28 |    79 |    15 ||   122
 Cast: Pain              |    29 |    64 |     6 ||    99
  Use: Scroll            |       |     5 |       ||     5
 Stab: Sleeping          |     2 |     1 |       ||     3
Armor: Robe              |    11 |       |       ||    11
       Ring mail         |     9 |    10 |       ||    19
       Leather armour    |       |    24 |     5 ||    29
Dodge: Dodged            |    26 |    53 |    11 ||    90
       Rpst.: Long sword |     5 |    18 |     5 ||    28
